 Dungeon Crawl Stone Soup version 0.20-a0-1089-g3fde505 (webtiles) character file.

1036 theAP the Cudgeler (level 8, 0/51 HPs)
             Began as a Gargoyle Fighter on May 3, 2017.
             Was a Follower of Okawaru.
             Slain by a gnoll
             ... wielding a +0 whip
              (2 damage)
             ... on level 4 of the Dungeon.
             The game lasted 00:07:37 (4419 turns).

theAP the Cudgeler (Gargoyle Fighter)               Turns: 4419, Time: 00:07:38

Health: 0/51       AC: 15    Str: 28    XL:     8   Next: 24%
Magic:  8/8        EV:  7    Int:  8    God:    Okawaru [*.....]
Gold:   211        SH: 10    Dex:  9    Spells: 7/7 levels left

rFire    . . .     SeeInvis .   a - +0 flail
rCold    . . .     Gourm    .   c - +0 shield
rNeg     + . .     Faith    .   b - +0 scale mail
rPois    ∞         Spirit   .   w - +0 helmet
rElec    +         Reflect  .   y - +0 cloak (curse)
rCorr    .         Harm     .   (no gloves)
MR       .....                  (no boots)
Stlth    ..........             p - amulet of rage
Regen    0.2/turn               (no ring)
MPRegen  0.2/turn               (no ring)

@: mighty
A: negative energy resistance 1, electricity resistance, unbreathing,
petrification resistance, rot immunity, AC +5
a: Heroism, Renounce Religion, Evoke Berserk Rage


You were on level 4 of the Dungeon.
You worshipped Okawaru.
Okawaru was aware of your devotion.
You were not hungry.

You visited 2 branches of the dungeon, and saw 6 of its levels.

You collected 211 gold pieces.

Inventory:

Hand Weapons
 a - a +0 flail (weapon)
Armour
 b - a +0 scale mail (worn)
 c - a +0 shield (worn)
 w - a +0 helmet (worn)
 y - a cursed +0 cloak (worn)
Jewellery
 p - an amulet of rage (around neck)
Scrolls
 e - a scroll of enchant weapon {unknown}
 h - a scroll of noise {unknown}
 l - 4 scrolls of identify {unknown}
 m - a scroll of fog {unknown}
 n - 4 scrolls of teleportation {unknown}
 o - a scroll of fear {unknown}
 r - 4 scrolls of remove curse {unknown}
 s - a scroll of immolation {unknown}
 t - a scroll of blinking {unknown}
Potions
 k - a potion of agility {unknown}
 q - 2 potions of heal wounds {unknown}
 u - a potion of degeneration {unknown}
 v - a potion of mutation {unknown}
 x - a potion of flight {unknown}
 z - a potion of cancellation {unknown}
Comestibles
 f - 4 bread rations
 g - 2 meat rations


   Skills:
 + Level 6.0 Fighting
 * Level 7.0 Maces & Flails
 + Level 5.8 Armour
 - Level 3.2 Shields


You had 7 spell levels left.
You didn't know any spells.

Dungeon Overview and Level Annotations

Branches:
Dungeon (5/15)             Temple (1/1) D:4

Altars:
Ashenzari
Dithmenos
Elyvilon
Fedhas
Hepliaklqana
Kikubaaqudgha
Nemelex Xobeh
Okawaru
Qazlal
Ru
Sif Muna
Trog
Vehumet
Wu Jian
Xom
The Shining One


Innate Abilities, Weirdness & Mutations

You are resistant to torment.
Your stone body is resilient. (AC +5)
You are immune to poison.
You resist negative energy. (rN+)
You are resistant to electric shocks. (rElec)
You can survive without breathing.
You are immune to petrification.
You are immune to rotting.


Message History

The gnoll hits you but does no damage. You block the gnoll's attack.
You climb upwards.
There is a stone staircase leading down here.
You are too injured to fight recklessly!
Unknown command.
You are too injured to fight recklessly!
Unknown command.
You are too injured to fight recklessly!
Unknown command.
You are too injured to fight recklessly!
You feel very mighty all of a sudden. The gnoll hits you but does no damage.
The gnoll hits you with a halberd!
* * * LOW HITPOINT WARNING * * *
You block the gnoll's attack. The gnoll hits you with a flail.
* * * LOW HITPOINT WARNING * * *
You bludgeon the gnoll!!
You kill the gnoll!
Okawaru accepts your kill. The gnoll hits you but does no damage.
The gnoll hits you with a whip.
You die...

#..........# #.......##.##
####.##.#...## #.##..#.#.##
#.##..#....# #.##..###..#
#.##.......##
#...#######.####
#..#..≈≈≈..#g@g#
##.#..≈...≈..#gg#
#.#...≈._.≈(..#.#
##.#..≈...≈..#..#
#..#..≈≈≈..#.#.#
#.#.#######..#.#
#.##.......#.#.##############
#.##..##..##.#.#............#
#.##..##.###.#.#.##########.#


You could see 4 gnolls.

Vanquished Creatures
  An ice beast (D:5)
  A phantom (D:4)
  2 ogres (D:5)
  A gnoll sergeant (D:5)
  A scorpion (D:4)
  A crimson imp (D:5)
  An orc priest (D:3)
  A hound (D:5)
  A bullfrog skeleton (D:5)
  A centaur skeleton (D:4)
  A killer bee zombie (D:4)
  18 gnolls
  9 adders
  2 shadow imps
  3 oozes
  2 worms (D:2)
  5 dart slugs
  2 leopard geckos
  10 orcs
  12 bats
  A giant cockroach (D:1)
  6 goblins
  3 hobgoblins (D:1)
  14 jackals (D:5)
  7 kobolds
  A quokka (D:3)
  A ball python (D:3)
  6 frilled lizards
  A leopard gecko skeleton (D:5)
  A leopard gecko zombie (D:5)
  10 rats
126 creatures vanquished.

Notes
Turn   | Place    | Note
-------+----------+-------------------------------------------
     0 | D:1      | theAP the Gargoyle Fighter began the quest for the Orb.
     0 | D:1      | Reached XP level 1. HP: 14/14 MP: 1/1
    94 | D:1      | Reached XP level 2. HP: 17/19 MP: 2/2
   107 | D:1      | Found a sparkling altar of Nemelex Xobeh.
   302 | D:1      | Reached skill level 3 in Maces & Flails
   328 | D:1      | Reached XP level 3. HP: 23/23 MP: 3/3
   542 | D:2      | Found a shimmering altar of Xom.
   627 | D:2      | Reached XP level 4. HP: 22/29 MP: 4/4
   786 | D:2      | Found a shattered altar of Ashenzari.
   939 | D:3      | Found a faded altar of an unknown god.
  1044 | D:3      | Reached skill level 4 in Maces & Flails
  1044 | D:3      | Reached XP level 5. HP: 17/33 MP: 5/5
  1784 | D:4      | Found a staircase to the Ecumenical Temple.
  1800 | Temple   | Entered the Ecumenical Temple
  1849 | Temple   | Became a worshipper of Warmaster Okawaru
  2000 | D:4      | Found a blossoming altar of Fedhas.
  2145 | D:4      | Reached XP level 6. HP: 33/39 MP: 6/6
  2206 | D:4      | Noticed a phantom
  2240 | D:4      | Killed a phantom
  2240 | D:4      | Reached skill level 5 in Maces & Flails
  2272 | D:4      | Found a sacrificial altar of Ru.
  2579 | D:4      | Found an ancient bone altar of Kikubaaqudgha.
  2629 | D:5      | Entered Level 5 of the Dungeon
  2664 | D:5      | Noticed an ice beast
  2665 | D:5      | Found a hazy altar of Hepliaklqana.
  2678 | D:5      | Killed an ice beast
  2678 | D:5      | Reached * piety under Okawaru
  2678 | D:5      | Reached skill level 5 in Fighting
  2678 | D:5      | Reached XP level 7. HP: 17/44 MP: 7/7
  2978 | D:5      | Reached skill level 5 in Armour
  3325 | D:5      | Reached skill level 6 in Maces & Flails
  4068 | D:5      | Reached XP level 8. HP: 33/51 MP: 8/8
  4406 | D:4      | Reached skill level 7 in Maces & Flails
  4418 | D:4      | HP: 2/51 [gnoll/flail (1)]
  4419 | D:4      | Slain by a gnoll

Vault maps used:
D:1:      matt_arrival_diagonals, nemelex_xobeh_ov_fountains_minmay
D:2:      marbit_many_paths, lemuel_doored_altar, first_bread
D:3:      chequers_ecumenical_altar_lobes
D:4:      kennysheep_little_box, lemuel_coloured_pillars_altar,
          minmay_temple_entry_overgrown, nicolae_ru_awakened_eye
D:5:      lemuel_castle_with_subvaults, lemuel_crystal_altar,
          minmay_misc_feat_roman, roderic_lattice_a
Temple:   minmay_temple_bridge_abc

Skill      XL: |  1  2  3  4  5  6  7  8 |
---------------+-------------------------+-----
Maces & Flails | 3 4 5 6 7 |  7.0
Fighting       | 4 5 6 |  6.0
Armour         | 4 5 |  5.8
Shields        | |  3.2

Action                   |  1- 3 |  4- 6 |  7- 9 || total
-------------------------+-------+-------+-------++-------
Melee: Flail             |   115 |   195 |   257 ||   567
  Use: Potion            |       |       |     7 ||     7
  Eat: Chunk             |       |     5 |       ||     5
       Fruit             |       |     6 |     2 ||     8
       Royal jelly       |       |       |     1 ||     1
Armor: Scale mail        |    72 |   116 |   243 ||   431
Dodge: Dodged            |    40 |    64 |   114 ||   218
Block: Shield            |    61 |   102 |   167 ||   330
